| TOP OF THE 1ST |
|
UCLA Bruins batting - Pitching for University of Toronto Marlies : RHP Mark McKinlay
|
|
Pitching: RHP Mark McKinlay
|
|
|
Batting: LHB Mark Cummings
|
0-0: Ball 1-0: Called Strike 1-1: Foul Ball, location: 2F 1-2: Foul Ball, location: 2F 1-2: Strikes out swinging
|
|
Batting: RHB Juan Carrillo
|
0-0: Ball 1-0: Ball 2-0: Fly out, F7 (Flyball, 7D, EV 106.9 MPH)
|
|
Batting: RHB Issac Konol
|
0-0: Ball 1-0: Foul Ball, location: 2F 1-1: Ball 2-1: Foul Ball, location: 2F 2-2: Strikes out swinging
|
| Top of the 1st over - 0 runs, 0 hits, 0 errors, 0 left on base; UCLA 0 - University of Toronto 0 |
| BOTTOM OF THE 1ST |
|
University of Toronto Marlies batting - Pitching for UCLA Bruins : RHP Mike Bibby
|
|
Pitching: RHP Mike Bibby
|
|
|
Batting: RHB Andy Riggs
|
0-0: Called Strike 0-1: Ball 1-1: Foul Ball, location: 2F 1-2: Fly out, F8 (Flyball, 8RD, EV 96.9 MPH)
|
|
Batting: RHB Chris Anthony
|
0-0: Ball 1-0: Swinging Strike 1-1: Swinging Strike 1-2: Ground out 5-3 (Groundball, 15, EV 83.8 MPH)
|
|
Batting: LHB Jose Gonzalez
|
0-0: Called Strike 0-1: Called Strike 0-2: Strikes out swinging
|
| Bottom of the 1st over - 0 runs, 0 hits, 0 errors, 0 left on base; UCLA 0 - University of Toronto 0 |
| TOP OF THE 2ND |
|
UCLA Bruins batting - Pitching for University of Toronto Marlies : RHP Mark McKinlay
|
|
Batting: SHB Sean Munns
|
0-0: Ball 1-0: Swinging Strike 1-1: Ball 2-1: Ball 3-1: Base on Balls
|
|
Batting: RHB Xavier Reeves
|
0-0: Fly out, F8 (Flyball, 8LD, EV 102.5 MPH)
|
|
Batting: LHB Bill Helmer
|
0-0: Ball 1-0: Called Strike 1-1: Foul Ball, location: 2F 1-2: Ball 2-2: Strikes out looking
|
|
Batting: RHB Zach Warwick
|
0-0: Called Strike 0-1: Swinging Strike 0-2: Ball 1-2: Ball 2-2: Ball 3-2: Strikes out swinging
|
| Top of the 2nd over - 0 runs, 0 hits, 0 errors, 1 left on base; UCLA 0 - University of Toronto 0 |
| BOTTOM OF THE 2ND |
|
University of Toronto Marlies batting - Pitching for UCLA Bruins : RHP Mike Bibby
|
|
Batting: LHB Vincent Whittick
|
0-0: Called Strike 0-1: Foul Ball, location: 2F 0-2: Ball 1-2: Ball 2-2: Fly out, F8 (Flyball, 8LXD, EV 106.2 MPH)
|
|
Batting: RHB Frank Pena
|
0-0: Ground out U3 (Groundball, 3S, EV 88.1 MPH)
|
|
Batting: SHB Gary Woodroffe
|
0-0: Ball 1-0: Ground out 4-3 (Groundball, 4, EV 91.2 MPH)
|
| Bottom of the 2nd over - 0 runs, 0 hits, 0 errors, 0 left on base; UCLA 0 - University of Toronto 0 |
| TOP OF THE 3RD |
|
UCLA Bruins batting - Pitching for University of Toronto Marlies : RHP Mark McKinlay
|
|
Batting: RHB Benedikt Fleischmann
|
0-0: Ball 1-0: Ball 2-0: Foul Ball, location: 2F 2-1: Ball 3-1: Foul Ball, location: 2F 3-2: Foul Ball, location: 2F 3-2: Strikes out looking
|
|
Batting: RHB Carlos Murillo
|
0-0: Ball 1-0: Ball 2-0: Called Strike 2-1: Swinging Strike 2-2: Strikes out swinging
|
|
Batting: LHB Mark Cummings
|
0-0: Foul Ball, location: 2F 0-1: Called Strike 0-2: Strikes out looking
|
| Top of the 3rd over - 0 runs, 0 hits, 0 errors, 0 left on base; UCLA 0 - University of Toronto 0 |
| BOTTOM OF THE 3RD |
|
University of Toronto Marlies batting - Pitching for UCLA Bruins : RHP Mike Bibby
|
|
Batting: LHB Alfonso Escalante
|
0-0: SINGLE (Flyball, 5D, EV 93.8 MPH)
|
|
Batting: RHB Shi-fu Cuan
|
0-0: Called Strike 0-1: Ball 1-1: SINGLE (Groundball, 4MD, EV 106.9 MPH) Alfonso Escalante to second
|
|
Batting: RHB Quentin Howland
|
0-0: Fly out, F7 (Flyball, 7S, EV 81.9 MPH)
|
|
Batting: RHB Andy Riggs
|
0-0: Swinging Strike 0-1: Ball 1-1: Swinging Strike 1-2: Ball 2-2: Foul Ball, location: 2F 2-2: Ball Wild Pitch! Alfonso Escalante to third Shi-fu Cuan to second 3-2: Strikes out swinging
|
|
Batting: RHB Chris Anthony
|
0-0: Ball 1-0: Called Strike 1-1: Swinging Strike 1-2: Ball 2-2: Strikes out looking
|
| Bottom of the 3rd over - 0 runs, 2 hits, 0 errors, 2 left on base; UCLA 0 - University of Toronto 0 |
| TOP OF THE 4TH |
|
UCLA Bruins batting - Pitching for University of Toronto Marlies : RHP Mark McKinlay
|
|
Batting: RHB Juan Carrillo
|
0-0: Called Strike 0-1: Foul Ball, location: 2F 0-2: Ball 1-2: Ground out U3 (Groundball, 3, EV 90.0 MPH)
|
|
Batting: RHB Issac Konol
|
0-0: Ball 1-0: Called Strike 1-1: Swinging Strike 1-2: Strikes out swinging
|
|
Batting: SHB Sean Munns
|
0-0: Ball 1-0: Ball 2-0: Foul Ball, location: 2F 2-1: Ball 3-1: Base on Balls
|
|
Batting: RHB Xavier Reeves
|
0-0: Ball 1-0: Foul Ball, location: 2F 1-1: Swinging Strike 1-2: Strikes out swinging
|
| Top of the 4th over - 0 runs, 0 hits, 0 errors, 1 left on base; UCLA 0 - University of Toronto 0 |
| BOTTOM OF THE 4TH |
|
University of Toronto Marlies batting - Pitching for UCLA Bruins : RHP Mike Bibby
|
|
Batting: LHB Jose Gonzalez
|
0-0: Called Strike 0-1: Ball 1-1: Ball 2-1: Foul Ball, location: 2F 2-2: Ball 3-2: Base on Balls
|
|
Batting: LHB Vincent Whittick
|
0-0: SINGLE (Line Drive, 8LS, EV 104.4 MPH) Jose Gonzalez to second
|
|
Batting: RHB Frank Pena
|
0-0: Ball 1-0: Ball 2-0: Called Strike 2-1: Foul Ball, location: 2F 2-2: Ball 3-2: Foul Ball, location: 2F 3-2: Foul Ball, location: 2F 3-2: SINGLE (Groundball, 6D, EV 100.6 MPH) Jose Gonzalez to third Vincent Whittick to second
|
|
Batting: SHB Gary Woodroffe
|
0-0: Called Strike 0-1: GRAND SLAM HOME RUN (Flyball, 9LD, EV 94.4 MPH), Distance : 359 ft
|
|
Batting: LHB Alfonso Escalante
|
0-0: Called Strike 0-1: Called Strike 0-2: Foul Ball, location: 2F 0-2: Ball 1-2: Foul Ball, location: 2F 1-2: Ball 2-2: Ball 3-2: Fly out, F5 (Popup, 56S, EV 66.9 MPH)
|
|
Batting: RHB Shi-fu Cuan
|
0-0: Called Strike 0-1: Ground out 5-3 (Groundball, 56, EV 85.0 MPH)
|
|
Batting: RHB Quentin Howland
|
0-0: Ball 1-0: Fly out, F8 (Flyball, 8RM, EV 73.8 MPH)
|
| Bottom of the 4th over - 4 runs, 3 hits, 0 errors, 0 left on base; UCLA 0 - University of Toronto 4 |
| TOP OF THE 5TH |
|
UCLA Bruins batting - Pitching for University of Toronto Marlies : RHP Mark McKinlay
|
|
Now at 1B: Kent Worboys
|
|
|
Now in CF: Ricky Avila
|
|
|
Batting: LHB Bill Helmer
|
0-0: Fly out, F9 (Line Drive, 9, EV 90.0 MPH)
|
|
Batting: RHB Zach Warwick
|
0-0: Ball 1-0: Ball 2-0: Ground out 4-3 (Groundball, 4, EV 81.2 MPH)
|
|
Batting: RHB Benedikt Fleischmann
|
0-0: Ball 1-0: Foul Ball, location: 2F 1-1: Ball 2-1: Swinging Strike 2-2: Ground out 4-3 (Groundball, 4, EV 100.0 MPH)
|
| Top of the 5th over - 0 runs, 0 hits, 0 errors, 0 left on base; UCLA 0 - University of Toronto 4 |
| BOTTOM OF THE 5TH |
|
University of Toronto Marlies batting - Pitching for UCLA Bruins : RHP Mike Bibby
|
|
Now at 2B: Michael Alvarado
|
|
|
Now in CF: Carlos Guadarrama
|
|
|
Batting: RHB Andy Riggs
|
0-0: Called Strike 0-1: Ball 1-1: Ball 2-1: Reached on error, E3 (Groundball, 13, EV 78.1 MPH)
|
|
Pitching: RHP Alex Rosales
|
|
|
Batting: RHB Ricky Avila
|
0-0: Ball 1-0: Ball 2-0: Foul Ball, location: 2F 2-1: Grounds into double play, 5-4-3 (Groundball, 56, EV 103.1 MPH)
|
|
Batting: RHB Robby Arce
|
0-0: Called Strike 0-1: Ball 1-1: Ball 2-1: Fly out, F8 (Flyball, 8RM, EV 91.2 MPH)
|
| Bottom of the 5th over - 0 runs, 0 hits, 1 error, 0 left on base; UCLA 0 - University of Toronto 4 |
| TOP OF THE 6TH |
|
UCLA Bruins batting - Pitching for University of Toronto Marlies : RHP Mark McKinlay
|
|
Pitching: RHP Jose Andrade
|
|
|
Now in LF: Martin Koka
|
|
|
Now in RF: Roger Shearing
|
|
|
Batting: RHB Carlos Murillo
|
0-0: Called Strike 0-1: Foul Ball, location: 2F 0-2: Strikes out swinging
|
|
Batting: RHB Michael Alvarado
|
0-0: Ball 1-0: Foul Ball, location: 2F 1-1: Foul Ball, location: 2F 1-2: Ball 2-2: Foul Ball, location: 2F 2-2: Ball 3-2: SINGLE (Line Drive, 9LS, EV 102.5 MPH)
|
|
Pinch Hitting: RHB Angel Melendez
|
0-0: Fielders Choice at 2nd, 5-4 (Groundball, 5, EV 106.9 MPH)
|
|
Pinch Hitting: LHB Freddy Monge
|
0-0: Ball 1-0: Ball 2-0: Called Strike 2-1: Foul Ball, location: 2F 2-2: Ball 3-2: Foul Ball, location: 2F 3-2: Ground out 5-3 (Groundball, 5, EV 106.2 MPH)
|
| Top of the 6th over - 0 runs, 1 hit, 0 errors, 1 left on base; UCLA 0 - University of Toronto 4 |
| BOTTOM OF THE 6TH |
|
University of Toronto Marlies batting - Pitching for UCLA Bruins : RHP Alex Rosales
|
|
Now at 1B: Freddy Monge
|
|
|
Now at SS: Angel Melendez
|
|
|
Batting: SHB Kent Worboys
|
0-0: Ball 1-0: Ball 2-0: Swinging Strike 2-1: SINGLE (Line Drive, 8RS, EV 104.4 MPH)
|
|
Batting: RHB Frank Pena
|
0-0: Ball Wild Pitch! Kent Worboys to second 1-0: Foul Ball, location: 2F 1-1: Ball 2-1: SINGLE (Groundball, 6MD, EV 111.2 MPH) (infield hit) Kent Worboys to third
|
|
Pinch Hitting: RHB Jose Villanueva
|
0-0: Called Strike 0-1: Called Strike 0-2: Ball 1-2: Strikes out swinging
|
|
Batting: LHB Martin Koka
|
0-0: Called Strike 0-1: Ball 1-1: SINGLE (Groundball, 4MD, EV 105.6 MPH) Kent Worboys scores Frank Pena to second Runner from 2nd tries for 3rd, SAFE, no throw by CF
|
|
Batting: RHB Shi-fu Cuan
|
0-0: Called Strike 0-1: Ball 1-1: Foul Ball, location: 2F 1-2: SINGLE (Groundball, P, EV 91.2 MPH) (infield hit) Frank Pena scores Martin Koka to second
|
|
Batting: RHB Quentin Howland
|
0-0: SINGLE (Flyball, 56D, EV 90.6 MPH) Martin Koka to third Shi-fu Cuan to second
|
|
Batting: LHB Roger Shearing
|
0-0: Called Strike 0-1: Ball 1-1: Ball Wild Pitch! Martin Koka scores Shi-fu Cuan to third Quentin Howland to second 2-1: Called Strike 2-2: Ball 3-2: Base on Balls
|
|
Pitching: RHP Arturo Ruiz
|
|
|
Batting: RHB Ricky Avila
|
0-0: Ball 1-0: Ball 2-0: Called Strike 2-1: Ball 3-1: Base on Balls Shi-fu Cuan scores Quentin Howland to third Roger Shearing to second
|
|
Batting: RHB Robby Arce
|
0-0: Foul Ball, location: 2F 0-1: Called Strike 0-2: Foul Ball, location: 2F 0-2: Fly out, F8 (Flyball, 89M, EV 95.0 MPH) Runner from 3rd tags up, SCORES, throw by CF Roger Shearing to third
|
|
Batting: SHB Kent Worboys
|
0-0: Fielders Choice at 2nd, 5-4 (Groundball, 56, EV 96.9 MPH)
|
| Bottom of the 6th over - 5 runs, 5 hits, 0 errors, 2 left on base; UCLA 0 - University of Toronto 9 |
| TOP OF THE 7TH |
|
UCLA Bruins batting - Pitching for University of Toronto Marlies : RHP Jose Andrade
|
|
Pitching: RHP Alvaro de la Paz
|
|
|
Now at C: Brad Baldwin
|
|
|
Now at 3B: Jose Villanueva
|
|
|
Batting: RHB Ken Hillman
|
0-0: Called Strike 0-1: Fly out, F8 (Flyball, 8LD, EV 103.1 MPH)
|
|
Batting: LHB Carlos Guadarrama
|
0-0: Foul Ball, location: 2F 0-1: Fly out, F8 (Flyball, 89S, EV 94.4 MPH)
|
|
Pinch Hitting: LHB Jim Snell
|
0-0: Ball 1-0: SINGLE (Groundball, 6MS, EV 83.8 MPH) (infield hit)
|
|
Batting: RHB Zach Warwick
|
0-0: Ball 1-0: Ball 2-0: Ball 3-0: Called Strike 3-1: Ground out 3-1 (Groundball, 34, EV 107.5 MPH)
|
| Top of the 7th over - 0 runs, 1 hit, 0 errors, 1 left on base; UCLA 0 - University of Toronto 9 |
| BOTTOM OF THE 7TH |
|
University of Toronto Marlies batting - Pitching for UCLA Bruins : RHP Arturo Ruiz
|
|
Now in LF: Jim Snell
|
|
|
Batting: LHB Brad Baldwin
|
0-0: Ball 1-0: Ground out 5-3 (Groundball, 56S, EV 82.5 MPH)
|
|
Batting: RHB Jose Villanueva
|
0-0: Ball 1-0: Swinging Strike 1-1: Foul Ball, location: 2F 1-2: Ball 2-2: SOLO HOME RUN (Flyball, 7LD, EV 98.8 MPH), Distance : 366 ft
|
|
Batting: LHB Martin Koka
|
0-0: Fly out, F7 (Flyball, 7, EV 91.9 MPH)
|
|
Batting: RHB Shi-fu Cuan
|
0-0: Foul Ball, location: 2F 0-1: Swinging Strike 0-2: Ball 1-2: Ball 2-2: Strikes out swinging
|
| Bottom of the 7th over - 1 run, 1 hit, 0 errors, 0 left on base; UCLA 0 - University of Toronto 10 |
| TOP OF THE 8TH |
|
UCLA Bruins batting - Pitching for University of Toronto Marlies : RHP Alvaro de la Paz
|
|
Pitching: RHP Ryan Hungerman
|
|
|
Pinch Hitting: RHB Hidesuke Yoshida
|
0-0: SOLO HOME RUN (Flyball, 7LD, EV 96.9 MPH), Distance : 369 ft
|
|
Pinch Hitting: RHB Brian Stacey
|
0-0: Called Strike 0-1: Foul Ball, location: 2F 0-2: Ball 1-2: Foul Ball, location: 2F 1-2: Ball 2-2: Ball 3-2: Foul Ball, location: 2F 3-2: SINGLE (Groundball, 56D, EV 96.2 MPH)
|
|
Batting: RHB Michael Alvarado
|
0-0: Fielders Choice at 2nd, 6-4 (Groundball, 6, EV 82.5 MPH)
|
|
Pinch Hitting: LHB Scott Mullett
|
0-0: Foul Ball, location: 2F 0-1: Swinging Strike 0-2: Strikes out looking
|
|
Pinch Hitting: RHB Tai fat Louis
|
0-0: SINGLE (Groundball, 56S, EV 64.4 MPH) (infield hit) Michael Alvarado to second
|
|
Batting: RHB Ken Hillman
|
0-0: Foul Ball, location: 2F 0-1: Ball 1-1: Foul Ball, location: 2F 1-2: Ball 2-2: TRIPLE (Line Drive, 7D, EV 107.5 MPH) Michael Alvarado scores Tai fat Louis scores
|
|
Batting: LHB Carlos Guadarrama
|
0-0: Foul Ball, location: 2F 0-1: Ball 1-1: Called Strike 1-2: Strikes out swinging
|
| Top of the 8th over - 3 runs, 4 hits, 0 errors, 1 left on base; UCLA 3 - University of Toronto 10 |
| BOTTOM OF THE 8TH |
|
University of Toronto Marlies batting - Pitching for UCLA Bruins : RHP Arturo Ruiz
|
|
Now at 1B: Tai fat Louis
|
|
|
Now at 3B: Hassan Thomas
|
|
|
Now at SS: Brian Stacey
|
|
|
Now in RF: Hidesuke Yoshida
|
|
|
Batting: RHB Quentin Howland
|
0-0: Called Strike 0-1: Ball 1-1: Ball 2-1: Ball 3-1: Ground out 5-3 (Groundball, 56S, EV 88.8 MPH)
|
|
Batting: LHB Roger Shearing
|
0-0: Ball 1-0: Ball 2-0: Ball 3-0: Called Strike 3-1: Base on Balls
|
|
Pinch Hitting: RHB Nathaniel Adderley
|
0-0: Called Strike 0-1: Ball 1-1: Foul Ball, location: 2F 1-2: Ball 2-2: Foul Ball, location: 2F 2-2: Strikes out looking
|
|
Batting: RHB Jon Lopez
|
0-0: Ball 1-0: Ball 2-0: Ball 3-0: Called Strike 3-1: Ground out 6-3 (Groundball, 4MS, EV 82.5 MPH)
|
| Bottom of the 8th over - 0 runs, 0 hits, 0 errors, 1 left on base; UCLA 3 - University of Toronto 10 |
| TOP OF THE 9TH |
|
UCLA Bruins batting - Pitching for University of Toronto Marlies : RHP Ryan Hungerman
|
|
Now in CF: Nathaniel Adderley
|
|
|
Pinch Hitting: RHB Roman Lauder
|
0-0: Ball 1-0: Ball 2-0: Called Strike 2-1: Ball 3-1: Base on Balls
|
|
Pinch Hitting: LHB Alberto Aguilar
|
0-0: SINGLE (Groundball, 34D, EV 101.9 MPH) Roman Lauder to second
|
|
Batting: RHB Hidesuke Yoshida
|
0-0: Swinging Strike 0-1: Ball 1-1: Ball 2-1: Ball 3-1: Foul Ball, location: 2F 3-2: Foul Ball, location: 2F 3-2: Foul Ball, location: 2F 3-2: SINGLE (Groundball, 6M, EV 105.6 MPH) Roman Lauder to third Alberto Aguilar to second
|
|
Batting: RHB Brian Stacey
|
0-0: Ball 1-0: Foul Ball, location: 2F 1-1: Ball 2-1: Reached on error, E5 (Groundball, 56S, EV 76.9 MPH) Roman Lauder scores Alberto Aguilar to third Hidesuke Yoshida to second
|
|
Pitching: RHP Mike Zambrano Jr.
|
|
|
Pinch Hitting: SHB Jonathan Jacob
|
0-0: Foul Ball, location: 2F 0-1: Swinging Strike 0-2: Ball 1-2: Ball 2-2: Ball 3-2: Fielders Choice at 2nd, 6-4 (Groundball, 6, EV 83.1 MPH) Alberto Aguilar scores Hidesuke Yoshida to third
|
|
Pinch Hitting: RHB Simon Sultzbach
|
0-0: Called Strike 0-1: Swinging Strike 0-2: Ball 1-2: Ball 2-2: Fielders Choice at 2nd, 5-4 (Groundball, 5, EV 106.2 MPH) Hidesuke Yoshida scores
|
|
Batting: RHB Tai fat Louis
|
0-0: Fly out, F9 (Flyball, 9LSF, EV 95.0 MPH)
|
| Top of the 9th over - 3 runs, 2 hits, 1 error, 1 left on base; UCLA 6 - University of Toronto 10 |
|